 Dungeon Crawl Stone Soup version 0.30-a0-381-g6ea064c7b4 (webtiles) character file.

Game seed: 12233717942615774641

565829 lorenzova the Archmage (level 25, -3/136 HPs)
             Began as a Deep Elf Conjurer on Nov 29, 2022.
             Was the Champion of Vehumet.
             Slain by a reaper
             ... wielding a +5 vorpal scythe
              (9 damage)
             ... in the Vestibule of Hell on Dec 2, 2022.
             The game lasted 06:51:54 (111284 turns).

lorenzova the Archmage (Deep Elf Conjurer)        Turns: 111284, Time: 06:51:55

Health: -3/136     AC: 15    Str:  6    XL:     25   Next: 98%
Magic:  33/65      EV: 19    Int: 49    God:    Vehumet [******]
Gold:   2622       SH: 11    Dex: 20    Spells: 2/78 levels left

rFire   + . .      SeeInvis +    B - +1 rapier of Frustration {chaos, rPois rC- Str+2 Int+9}
rCold   + + .      Faith    .    Z - +0 buckler {rN+}
rNeg    + + .      Spirit   .    c - +1 faerie dragon scales {Drain Fly rC++ rCorr Dex+3}
rPois   +          Reflect  +    M - +1 hat {SInv}
rElec   +          Harm     .    V - scarf {rC+ rF+}
rCorr   +          Rampage  .    F - +0 pair of gloves of Ofetidaenu {rElec MP+9}
Will    +++..                    S - +2 pair of boots
Stlth   +++.......               p - amulet of reflection
HPRegen 0.42/turn                K - ring "Neelomoph" {Wiz Int+4 Dex+4}
MPRegen 0.39/turn                Q - ring "Peergh" {rN+ Will+ Stlth+}

@: flying, very slightly contaminated, studying Ranged Weapons
A: no striking features
}: 2/15 runes: serpentine, barnacled
a: Renounce Religion


You were in the Vestibule of Hell.
You worshipped Vehumet.
Vehumet was exalted by your worship.
You visited 12 branches of the dungeon, and saw 48 of its levels.
You also visited: Trove and Ice Cave.

You collected 7521 gold pieces.
You spent 4899 gold pieces at shops.

Inventory:

Hand Weapons
 x - the +7 great mace "Firestarter" {inner flame, rF++}
   (You took it off a red draconian on level 4 of the Depths)

   It burns those it strikes, dealing additional fire damage.
   It fills those it strikes with an explosive inner flame.
   It grants immunity to clouds of flame.
   rF:        It greatly protects you from fire.
 B - the +1 rapier of Frustration (weapon) {chaos, rPois rC- Str+2 Int+9}
   (You found it on level 2 of the Lair of Beasts)

   Each time it hits an enemy it has a different, random effect.
   Str:       It affects your strength (+2).
   Int:       It affects your intelligence (+9).
   rC:        It makes you vulnerable to cold.
   rPois:     It protects you from poison.
 G - the +9 short sword of Syhaick {spect, *Rage Fragile rF++ Will+}
   (You found it on level 4 of the Dungeon)

   When its wielder attacks, the weapon's spirit leaps out and strikes again.
   The spirit shares a part of any damage it takes with its wielder.
   rF:        It greatly protects you from fire.
   *Rage:     It berserks you when you make melee attacks (+20% chance).
   Fragile:   It will be destroyed if unequipped.
   Will:      It increases your willpower.
Armour
 c - the +1 faerie dragon scales (worn) {Drain Fly rC++ rCorr Dex+3}
   (You took it off the Enchantress on level 1 of the Depths)

   Dex:       It affects your dexterity (+3).
   rC:        It greatly protects you from cold.
   Fly:       It grants you flight.
   rCorr:     It protects you from acid and corrosion.
   Drain:     It drains your maximum health when unequipped.
 g - a +1 buckler of protection
 F - the +0 pair of gloves of Ofetidaenu (worn) {rElec MP+9}
   (You found it in a treasure trove)

   rElec:     It insulates you from electricity.
   MP:        It affects your magic capacity (+9).
 M - a +1 hat of see invisible (worn)
 R - a +1 leather armour of resistance
 S - a +2 pair of boots (worn)
 V - a scarf of resistance (worn)
 W - the +3 leather armour of Philately {Drain rF+++ rCorr Int-2}
   (You found it on level 3 of the Snake Pit)

   Int:       It affects your intelligence (-2).
   rF:        It renders you almost immune to fire.
   rCorr:     It protects you from acid and corrosion.
   Drain:     It drains your maximum health when unequipped.
 Y - the +2 hood of the Assassin {Detection Stab+ Stlth++}
   (You found it on level 4 of the Shoals)

   It allows the wearer to sense nearby creatures.
   It allows the wearer to make particularly effective stabbing attacks against
   helpless or unaware enemies with any weapon.
   Stlth:     It makes you much more stealthy.
 Z - a +0 buckler of positive energy (worn)
Magical Staves
 n - a staff of conjuration
 z - a staff of fire
Jewellery
 p - an amulet of reflection (around neck)
 r - the ring of Begaraf {rF+ Int+6}
   (You found it on level 1 of the Depths)

   [ring of intelligence]

   Int:       It affects your intelligence (+6).
   rF:        It protects you from fire.
 v - a ring of wizardry
 A - the ring of the Shining Light {rN+ rCorr}
   (You found it on level 3 of the Crypt)

   [ring of positive energy]

   rN:        It protects you from negative energy.
   rCorr:     It protects you from acid and corrosion.
 D - the ring of Truth {Fly rC+ Int+3 Slay-5}
   (You found it in a treasure trove)

   [ring of flight]

   Int:       It affects your intelligence (+3).
   Slay:      It affects your accuracy & damage with ranged weapons and melee
   (-5).
   rC:        It protects you from cold.
   Fly:       It grants you flight.
 H - the ring "Tastraebb" {rElec rPois rF- rN+ rCorr}
   (You took it off a kobold on level 9 of the Dungeon)

   [ring of resist corrosion]

   rF:        It makes you vulnerable to fire.
   rElec:     It insulates you from electricity.
   rPois:     It protects you from poison.
   rN:        It protects you from negative energy.
   rCorr:     It protects you from acid and corrosion.
 K - the ring "Neelomoph" (left hand) {Wiz Int+4 Dex+4}
   (You took it off a deep elf demonologist on level 3 of the Elven Halls)

   [ring of wizardry]

   It improves your spell success rate.
   Int:       It affects your intelligence (+4).
   Dex:       It affects your dexterity (+4).
 L - a ring of magical power
 Q - the ring "Peergh" (right hand) {rN+ Will+ Stlth+}
   (You took it off a deep elf annihilator on level 3 of the Elven Halls)

   [ring of positive energy]

   rN:        It protects you from negative energy.
   Will:      It increases your willpower.
   Stlth:     It makes you more stealthy.
Scrolls
 a - a scroll of brand weapon
 d - 5 scrolls of amnesia
 e - 10 scrolls of fear
 f - 18 scrolls of teleportation
 k - 2 scrolls of summoning
 o - 6 scrolls of poison
 q - 6 scrolls of blinking
 s - 50 scrolls of identify
 w - 8 scrolls of magic mapping
 y - a scroll of silence
 E - 2 scrolls of enchant armour
 J - 8 scrolls of butterflies
Potions
 b - 6 potions of magic
 h - 9 potions of flight
 i - 10 potions of haste
 j - 17 potions of curing
 l - 17 potions of heal wounds
 m - 2 potions of invisibility
 t - 4 potions of cancellation
 u - 7 potions of brilliance
 P - 3 potions of resistance


   Skills:
 - Level 8.2 Fighting
 - Level 9.8 Armour
 - Level 13.8 Dodging
 - Level 2.4 Stealth
 - Level 5.5 Shields
 O Level 27 Spellcasting
 * Level 23.9 Conjurations
 - Level 6.0 Hexes
 - Level 6.0 Translocations
 * Level 24.4 Fire Magic
 * Level 20.6 Air Magic
 * Level 16.1 Earth Magic


You had 2 spell levels left.
You knew the following spells:

 Your Spells              Type           Power      Damage    Failure   Level
a - Magic Dart            Conj           100%       1d8       0%          1
b - Searing Ray           Conj           100%       2d8       0%          2
c - Iskenderun's Mystic   Conj/Tloc      100%       2d19      0%          4
d - Shatter               Erth           61%        3d45*     6%          9
f - Fireball              Conj/Fire      70%        3d26      0%          5
i - Ignition              Fire           70%        3d19      1%          8
k - Lehudib's Crystal Sp  Conj/Erth      66%        10d15     1%          8
l - Lightning Bolt        Conj/Air       68%        1d93      0%          5
n - Chain Lightning       Conj/Air       68%        3d91      1%          9
o - Orb of Destruction    Conj           70%        9d16      0%          7
s - Sticky Flame          Conj/Fire      100%       2d11      0%          4
v - Fire Storm            Conj/Fire      70%        8d18      1%          9
z - Iskenderun's Battles  Conj           100%       2d15      0%          5

Your spell library contained the following spells:

 Spells                   Type           Power      Damage    Failure   Level
 Maxwell's Capacitive Co  Air            66%        ∞         1%          8
 Kiss of Death            Conj/Necr      100%       2d13      0%          1
 Shock                    Conj/Air       100%       1d9       0%          1
 Static Discharge         Conj/Air       100%       2-7/arc   0%          2
 Apportation              Tloc           100%       N/A       1%          1
 Beastly Appendage        Tmut           100%       N/A       1%          1
 Freeze                   Ice            100%       1d10      1%          1
 Necrotise                Necr           100%       1d9       1%          1
 Slow                     Hex            100%       N/A       1%          1
 Summon Small Mammal      Summ           100%       N/A       1%          1
 Call Imp                 Summ           60%        N/A       1%          2
 Ensorcelled Hibernation  Hex/Ice        100%       N/A       1%          2
 Sublimation of Blood     Necr           60%        N/A       1%          2
 Wereblood                Tmut           60%        N/A       1%          2
 Dazzling Flash           Conj/Hex       100%       N/A       0%          3
 Hailstorm                Conj/Ice       100%       3d20      0%          3
 Inner Flame              Hex/Fire       100%       N/A       0%          3
 Kindle Blastsparks       Fire/Tloc/Air  100%       2d18      0%          3
 Mephitic Cloud           Conj/Pois/Air  100%       N/A       0%          3
 Stone Arrow              Conj/Erth      100%       3d13      0%          3
 Swiftness                Air            100%       N/A       0%          3
 Airstrike                Air            66%        2d(10-26) 0%          4
 Flame Wave               Conj/Fire      100%       2d21      0%          4
 Fulminant Prism          Conj/Hex       59%        3d24      0%          4
 Arcjolt                  Conj/Air       68%        1d78      0%          5
 Freezing Cloud           Conj/Ice/Air   59%        6-21      0%          5
 Conjure Ball Lightning   Conj/Air       68%        3x3d25    0%          6
 Iron Shot                Conj/Erth      66%        9d12      0%          6
 Call Canine Familiar     Summ           60%        N/A       1%          3
 Confusing Touch          Hex            90%        N/A       1%          3
 Frozen Ramparts          Ice            100%       1d16      1%          3
 Ignite Poison            Fire/Tmut/Pois 98%        N/A       1%          3
 Ozocubu's Armour         Ice            60%        N/A       1%          3
 Portal Projectile        Hex/Tloc       100%       N/A       1%          3
 Spider Form              Tmut/Pois      60%        N/A       1%          3
 Summon Guardian Golem    Hex/Summ       77%        N/A       1%          3
 Tukima's Dance           Hex            90%        N/A       1%          3
 Vampiric Draining        Necr           60%        2d10      1%          3
 Anguish                  Hex/Necr       38%        N/A       1%          4
 Animate Dead             Necr           60%        N/A       1%          4
 Dispel Undead            Necr           60%        3d21      1%          4
 Ice Form                 Ice/Tmut       60%        N/A       1%          4
 Leda's Liquefaction      Hex/Erth       54%        N/A       1%          4
 Passage of Golubria      Tloc           90%        N/A       1%          4
 Petrify                  Tmut/Erth      98%        N/A       1%          4
 Summon Ice Beast         Ice/Summ       60%        N/A       1%          4
 Summon Lightning Spire   Summ/Air       100%       N/A       1%          4
 Borgnjor's Vile Clutch   Necr/Erth      49%        N/A       1%          5
 Metabolic Englaciation   Hex/Ice        38%        N/A       1%          5
 Silence                  Hex/Air        57%        N/A       1%          5
 Summon Forest            Summ/Tloc      38%        N/A       1%          5
 Summon Mana Viper        Hex/Summ       77%        N/A       1%          5
 Yara's Violent Unravell  Hex/Tmut       38%        3d15      1%          5
 Statue Form              Tmut/Erth      65%        N/A       1%          6
 Spellforged Servitor     Conj/Summ      55%        N/A       1%          7
 Agony                    Necr           60%        N/A       4%          5
 Alistair's Intoxication  Tmut/Pois      40%        N/A       4%          5
 Blade Hands              Tmut           30%        N/A       4%          5
 Eringya's Noxious Bog    Tmut/Pois      30%        N/A       7%          6
 Enfeeble                 Hex            45%        N/A       11%         7
 Death Channel            Necr           30%        N/A       22%         6
 Simulacrum               Ice/Necr       30%        N/A       22%         6
 Ozocubu's Refrigeration  Ice            30%        4d14      30%         7
 Discord                  Hex            45%        N/A       58%         8
 Disjunction              Tloc           45%        N/A       58%         8
 Monstrous Menagerie      Summ           30%        N/A       73%         7
 Summon Hydra             Summ           30%        N/A       73%         7


Dungeon Overview and Level Annotations

Branches:
Dungeon (15/15)            Temple (1/1) D:7            Lair (5/5) D:8
 Shoals (4/4) Lair:3        Snake (4/4) Lair:3        Slime (0/5) Lair:5
    Orc (2/2) D:9             Elf (3/3) Orc:2        Vaults (5/5) D:13
  Crypt (3/3) Vaults:2       Tomb (1/3) Crypt:3      Depths (4/4) D:15
   Hell (1/1)                 Zot (0/5) Depths:4      IceCv (visited)
    Dis: Hell:1         Geh: Hell:1         Coc: Hell:1         Tar: Hell:1

Altars:
Ashenzari
Cheibriados
Dithmenos
Elyvilon
Fedhas
Gozag
Kikubaaqudgha
Makhleb
Nemelex Xobeh
Okawaru
Qazlal
Ru
Sif Muna
Trog
Uskayaw
Vehumet
Wu Jian
Xom
Yredelemnul
Zin
The Shining One
Jiyva
Lugonu

Shops:
D:7 (   D:11 :   Orc:1 *:?**   Orc:2 [[:!*(   Elf:1 [(*   Elf:2 *[[?=(
Elf:3 *   Shoals:1 !   Shoals:3 *   Snake:2 *   Snake:3 [   Vaults:2 (
Vaults:3 [   Vaults:4 !   Depths:2 :

Portals:
Hell: Depths:1 Depths:2 Depths:3 Depths:4
Abyss: Depths:1 Depths:3
Pandemonium: Depths:2 Depths:3
Ziggurat: Depths:2

Annotations:
D:4 exclusion: downstairs
D:8 1 transporter
Shoals:1 3 runed translucent doors, exclusion: obsidian statue, Tiucw's ghost, adept BaCj
Snake:2 exclusion: downstairs
Elf:2 exclusion: downstairs
Crypt:2 3 runed translucent doors, exclusion: downstairs, Nuh Ema's ghost, veteran HuVM
Depths:2 1 runed door
Depths:3 exclusion: downstairs
Hell Murray


Message History

You kill the hell beast!
The hell beast disappears in a puff of smoke!
You hear a shout!
A sun demon comes into view.
Geryon tail-slaps you from afar!
Murray the Demonic Talking Skull comes into view.
Unknown command.
Unknown command.
Unknown command.
Unknown command.
Casting: Chain Lightning (dangerous; 1% risk of failure)
Confirm with . or Enter, or press ? or * to list all spells.
You miscast Chain Lightning.
You are very lightly contaminated with residual magic.
There is a short, sharp shower of sparks.
You resist.
The soul eater draws from the surrounding life force!
Murray rattles his jaw.
You block Geryon's attack.
Unknown command.
Unknown command.
Casting: Chain Lightning (dangerous; 1% risk of failure)
Confirm with . or Enter, or press ? or * to list all spells.
Lightning arcs from your hands!
The bolt of lightning hits Geryon!!!!
You kill Geryon!
Vehumet accepts your kill.
You feel your power returning. The bolt of lightning hits you! You resist.
You hear a hideous shriek!
You hear a roar!
A sun demon comes into view.
Murray calls on the powers of darkness!
Your body is wracked with pain!
Unknown command.
Unknown command.
Unknown command.
Unknown command.
The phantasmal warrior gestures at you.
The phantasmal warrior blinks!
The reaper hits you from afar with a +5 vorpal scythe!!!
* * * LOW HITPOINT WARNING * * *
You die...

.....2 .......
. ..... .^.....
.. ...3 .......
... ... .......
.... †. ..3....
..... .#.......
.....2#........
.......@W......
.....†#.#......
...#. ..} .#.^.
. .. ..... §. .
#. .#...#. .#
.. .#.....#. z.
. .. ..#.. .z .
.. ... ... ..


You could see Murray, 2 reapers, a soul eater, a sun demon, a phantasmal warrior
(summoned) and a flying skull (summoned).

Vanquished Creatures
  Mara (Shoals:4)
  A juggernaut (Depths:4)
  Boris (Tomb:1)
  18 royal mummies (Tomb:1)
  Saint Roka (Elf:3)
  Bai Suzhen (Vaults:4)
  Vashnia (Snake:3)
  A curse toe (Crypt:3)
  Xtahua (Crypt:1)
  the Enchantress (Depths:1)
  Jory (Vaults:4)
  Geryon (Hell)
  3 golden dragons (Depths:4)
  5 tentacled monstrosities
  A walking crystal tome (Depths:3)
  Rupert (Snake:1)
  8 liches
  The ghost of Aptu the Tortoise, an adept GrFi of Makhleb (Crypt:3)
  The ghost of Xieh the Tortoise, an adept GrFi of Makhleb (Crypt:3)
  3 deep elf blademasters
  3 quicksilver dragons
  Asterion (Snake:1)
  3 titans
  2 deep elf master archers (Elf:3)
  Polyphemus (Shoals:4)
  12 sphinxes
  Kirke (Snake:2)
  A kraken (Shoals:4)
  10 ancient champions
  6 nagarajas
  5 shadow dragons
  Donald (Elf:3)
  4 storm dragons
  4 tengu reavers
  A revenant (Crypt:2)
  6 frost giants
  4 draconian monks (Depths:4)
  15 fire giants
  Aizul (Snake:3)
  5 deep elf sorcerers
  14 vault wardens
  A draconian scorcher (Depths:4)
  2 deep elf elementalists (Elf:3)
  An iron dragon (Depths:3)
  2 curse skulls
  16 ghouls
  5 spriggan defenders
  15 ironbound preservers
  27 very ugly things
  An orc warlord (Vaults:1)
  The ghost of mitko27butlikefrench the Fighter, a journeyman OpBr of Ashenzari (D:8)
  6 draconian annihilators (Depths:4)
  2 reapers
  6 green draconians (Depths:4)
  10 stone giants
  9 ironbound thunderhulks
  6 vampire knights
  8 deep elf demonologists
  Nessos (D:12)
  29 dire elephants
  11 black draconians (Depths:4)
  Azrael (D:12)
  3 white draconians (Depths:4)
  3 purple draconians (Depths:4)
  2 spark wasps (Depths:3)
  8 deep elf annihilators
  4 red draconians (Depths:4)
  A blizzard demon (Depths:3)
  9 merfolk impalers
  7 ettins
  10 deep elf death magi
  4 merfolk javelineers
  4 eidola
  2 quicksilver dragon zombies
  9 fire dragons
  2 entropy weavers
  14 jiangshi
  10 yaktaur captains
  4 great orbs of eyes
  A deep elf high priest (Elf:3)
  7 mummy priests
  5 rakshasas
  11 ice dragons
  4 salamander tyrants
  4 catoblepae
  36 vault guards
  8 hydras
  7 spriggan air magi
  13 ironbound frosthearts
  A spriggan skeleton (Tomb:1)
  A caustic shrike simulacrum (Crypt:3)
  3 ogre magi
  5 merfolk avatars
  4 alligator snapping turtles
  12 anacondas
  4 merfolk aquamancers
  7 boulder beetles
  15 naga warriors
  21 centaur warriors
  5 death knights
  4 tengu warriors
  4 satyrs
  6 death scarabs (Tomb:1)
  8 deep troll earth magi
  7 vampire magi
  4 shock serpents
  6 two-headed ogres
  8 deep troll shamans
  14 death yaks
  16 naga sharpshooters
  4 spriggan berserkers
  26 dancing weapons
  5 hell hogs
  6 orc high priests (Orc:2)
  Urug (D:12)
  7 soul eaters
  11 hell knights
  29 deep elf knights
  A spriggan (Depths:4)
  4 sun demons
  9 iron trolls
  34 skeletal warriors
  Lodul (D:12)
  64 deep trolls
  5 salamander mystics
  An anaconda zombie (Crypt:1)
  A golden dragon zombie (Crypt:3)
  The ghost of slayr the Skirmisher, a novice SpHs of Okawaru (D:8)
  3 death drakes (Depths:4)
  8 flayed ghosts
  3 shadow wraiths (Crypt:3)
  13 sea snakes
  4 bog bodies
  16 deep elf archers
  22 ironbound convokers
  3 naga ritualists
  A deep troll (shapeshifter) (Elf:3)
  10 wizards
  A golden dragon skeleton (Crypt:1)
  An anaconda skeleton (Crypt:3)
  2 glowing orange brains
  37 deep elf pyromancers
  42 deep elf zephyrmancers
  13 phantasmal warriors
  14 orc knights
  17 harpies
  A bunyip skeleton (Crypt:1)
  3 necromancers
  6 lindwurms
  18 fauns
  3 mana vipers
  12 salamanders
  A harpy (shapeshifter) (Elf:1)
  39 ugly things
  2 wolf spider zombies
  15 manticores
  8 cyclopes
  2 stone giant zombies (Depths:1)
  3 oklob plants (Lair:4)
  3 orc sorcerers
  2 rust devils (Depths:3)
  15 elephants
  9 guardian serpents
  A stone giant skeleton (Crypt:3)
  An iron dragon skeleton (Crypt:1)
  6 merfolk sirens
  23 black mambas
  3 centaur zombies (D:7)
  11 naga magi
  A naga zombie (Crypt:3)
  6 cane toads
  6 water nymphs
  15 vault sentinels
  2 ice statues
  Maggie (D:7)
  4 centaur skeletons
  A naga skeleton (Crypt:1)
  2 gargoyles
  An orange demon (Depths:3)
  2 spriggan zombies
  A hellion (Depths:2)
  A dire elephant skeleton (Crypt:1)
  2 pale draconian zombies
  A redback zombie (D:7)
  7 komodo dragons
  3 rime drakes
  A catoblepas zombie (Crypt:1)
  2 tengu conjurers
  3 hellwings
  36 yaktaurs
  2 ice devils (Depths:3)
  A death yak skeleton (Crypt:2)
  A white draconian skeleton (Crypt:2)
  6 freezing wraiths
  A harpy zombie (Crypt:3)
  A yellow draconian skeleton (Crypt:3)
  19 guardian mummies
  A spectral naga (Snake:4)
  26 merfolk
  15 polar bears
  A merfolk (shapeshifter) (Depths:3)
  A death drake zombie (Crypt:2)
  A jumping spider zombie (Crypt:2)
  13 trolls
  A harpy skeleton (Crypt:1)
  7 wind drakes
  2 hornets
  Prince Ribbit (D:9)
  14 blink frogs
  A raiju (shapeshifter) (Elf:1)
  A slime creature (shapeshifter) (Vaults:1)
  10 dream sheep
  42 slime creatures
  13 flying skulls
  5 snapping turtles
  A jumping spider (Vaults:3)
  2 air elementals (Elf:1)
  An ettin skeleton (Depths:1)
  A black mamba zombie (Tomb:1)
  2 vampires
  A fire dragon skeleton (Crypt:2)
  A culicivora (shapeshifter) (Elf:2)
  3 wyverns
  8 wraiths
  A ynoxinul (Depths:3)
  20 water elementals
  6 fire elementals
  4 basilisks
  2 shadows
  63 yaks
  7 hogs (Snake:2)
  A tyrant leech zombie (Crypt:1)
  10 ushabtiu
  A golden eye (shapeshifter) (D:13)
  8 vampire mosquitoes
  A steam dragon (D:6)
  5 redbacks
  A chaos spawn (Depths:3)
  Menkaure (D:6)
  6 wargs
  A warg (shapeshifter) (D:14)
  An acid dragon (shapeshifter) (Elf:2)
  51 nagas
  Edmund (D:4)
  A human zombie (Depths:1)
  A glowing shapeshifter zombie (Depths:1)
  12 water moccasins
  4 floating eyes
  4 hell hounds (D:12)
  44 orc warriors
  3 black bears
  2 ice beasts (D:5)
  2 sky beasts
  22 ogres
  22 wolves
  7 boggarts
  16 centaurs
  A torpor snail zombie (Crypt:3)
  A phantom (D:5)
  6 kobold brigands
  10 bullfrogs
  2 gnoll sergeants
  9 necrophages
  3 earth elementals
  3 scorpions
  14 wights
  A troll zombie (Crypt:1)
  5 killer bees (D:9)
  An elephant simulacrum (Lair:4)
  3 electric eels
  A yak skeleton (Crypt:2)
  2 howler monkeys
  A basilisk zombie (Crypt:3)
  11 jellies
  24 orc priests
  7 hounds
  A gnoll bouda (D:7)
  Jessica (D:2)
  11 orc wizards
  Terence (D:2)
  2 iguanas (D:4)
  2 polar bear simulacra (Lair:4)
  20 mummies (Tomb:1)
  A howler monkey skeleton (Crypt:2)
  12 adders
  23 gnolls
  9 shadow imps
  2 white imps (D:7)
  2 worms
  4 dart slugs
  89 orcs
  5 bats
  7 endoplasms
  4 giant cockroaches
  3 goblins
  6 hobgoblins
  3 jackals (D:3)
  3 quokkas
  10 ball pythons
  4 frilled lizards
  A frilled lizard skeleton (Crypt:2)
  17 kobolds
  A kobold skeleton (Crypt:3)
  An orc skeleton (Crypt:1)
  7 rats
  2 bushes (Lair:4)
2260 creatures vanquished.

Vanquished Creatures (collateral kills)
  2 royal mummies (Tomb:1)
  A bone dragon (Crypt:3)
  A quicksilver dragon (Depths:4)
  A shadow dragon (Depths:3)
  A revenant (Crypt:3)
  An ironbound preserver (Vaults:4)
  A hell beast (Depths:1)
  An alligator snapping turtle (Shoals:4)
  A necromancer (Depths:1)
  A guardian mummy (Tomb:1)
11 creatures vanquished.

Vanquished Creatures (others)
  A deep elf zephyrmancer (Elf:2)
  A blink frog (Lair:4)
  An air elemental (Elf:2)
  A fire elemental (D:12)
  129 fire vortices
  54 fulminant prisms
  24 fungi
  162 plants
  19 withered plants
392 creatures vanquished.

Grand Total: 2663 creatures vanquished

Notes
Turn   | Place    | Note
-------+----------+-------------------------------------------
     0 | D:1      | lorenzova the Deep Elf Conjurer began the quest for the
                  | Orb.
     0 | D:1      | Reached XP level 1. HP: 10/10 MP: 6/6
   219 | D:1      | Reached XP level 2. HP: 7/15 MP: 0/8
   302 | D:1      | Learned a level 2 spell: Searing Ray
   662 | D:1      | Found a faded altar of an unknown god.
   788 | D:2      | Noticed Jessica
   802 | D:2      | Killed Jessica
   803 | D:2      | Reached skill level 4 in Spellcasting
   803 | D:2      | Reached skill level 5 in Conjurations
   803 | D:2      | Reached XP level 3. HP: 19/19 MP: 5/10
   973 | D:2      | Reached XP level 4. HP: 24/24 MP: 4/12
  1128 | D:2      | Reached skill level 5 in Spellcasting
  1329 | D:2      | Noticed Terence
  1353 | D:2      | Killed Terence
  1354 | D:2      | Reached XP level 5. HP: 28/28 MP: 6/14
  2039 | D:3      | Reached skill level 6 in Spellcasting
  2320 | D:3      | Found an iron altar of Okawaru.
  2439 | D:3      | Found a broken altar of Ashenzari.
  2649 | D:3      | Found a bloodstained altar of Trog.
  2983 | D:4      | Noticed Edmund
  3106 | D:4      | Reached XP level 6. HP: 27/32 MP: 7/17
  3246 | D:4      | Got the Secrets of Gusty Sculpting
  3428 | D:4      | Reached skill level 7 in Spellcasting
  3577 | D:4      | Identified the +9 short sword of Syhaick {spect, *Rage
                  | Fragile rF++ Will+}
  3678 | D:4      | Reached XP level 7. HP: 31/36 MP: 12/20
  3820 | D:4      | Learned a level 5 spell: Iskenderun's Battlesphere
  3827 | D:4      | Reached skill level 8 in Spellcasting
  4148 | D:5      | Entered Level 5 of the Dungeon
  4209 | D:5      | Found a blossoming altar of Fedhas.
  4335 | D:5      | Found a snail-covered altar of Cheibriados.
  4530 | D:5      | Reached skill level 9 in Spellcasting
  4530 | D:5      | Reached XP level 8. HP: 41/41 MP: 12/23
  5326 | D:6      | Found an ancient bone altar of Kikubaaqudgha.
  5326 | D:6      | Found a shimmering blue altar of Sif Muna.
  5516 | D:6      | Reached skill level 10 in Spellcasting
  5702 | D:6      | Noticed Menkaure
  5900 | D:6      | Killed Menkaure
  5966 | D:6      | Found a stormy altar of Qazlal.
  6009 | D:6      | Found a shimmering altar of Xom.
  6595 | D:7      | Noticed Maggie
  6989 | D:6      | Reached skill level 11 in Spellcasting
  6989 | D:6      | Reached skill level 10 in Conjurations
  7074 | D:6      | Learned a level 4 spell: Iskenderun's Mystic Blast
  7079 | D:6      | Learned a level 4 spell: Fulminant Prism
  7085 | D:6      | Learned a level 5 spell: Fireball
  7091 | D:6      | Learned a level 5 spell: Lightning Bolt
  7290 | D:7      | Found Naeppoas's Weapon Shop.
  7384 | D:7      | Reached XP level 9. HP: 45/45 MP: 15/26
  7411 | D:7      | Reached skill level 1 in Hexes
  7411 | D:7      | Reached skill level 1 in Fire Magic
  7411 | D:7      | Reached skill level 1 in Air Magic
  7612 | D:7      | Found a staircase to the Ecumenical Temple.
  7621 | D:7      | Reached skill level 1 in Translocations
  7621 | D:7      | Killed Maggie
  7770 | Temple   | Entered the Ecumenical Temple
  7847 | Temple   | Became a worshipper of Vehumet
  8059 | D:7      | Reached skill level 12 in Spellcasting
  8314 | D:7      | Noticed a hellwing
  8480 | D:7      | Noticed a hellwing
  8501 | D:7      | Killed a hellwing
  8502 | D:7      | Reached XP level 10. HP: 39/50 MP: 17/28
  9239 | D:7      | Reached * piety under Vehumet
  9239 | D:7      | Offered knowledge of Foxfire by Vehumet.
  9503 | D:7      | Reached skill level 5 in Fire Magic
  9573 | D:7      | Found a sacrificial altar of Ru.
 10125 | D:8      | Reached skill level 5 in Air Magic
 10150 | D:8      | Reached skill level 13 in Spellcasting
 10394 | D:8      | Found a staircase to the Lair.
 10512 | D:8      | Reached ** piety under Vehumet
 10512 | D:8      | Offered knowledge of Poisonous Vapours by Vehumet.
 10544 | D:8      | Found a runed translucent gate.
 10545 | D:8      | Found a runed translucent gate.
 10547 | D:8      | Found a runed translucent gate.
 10630 | D:8      | Noticed mitko27butlikefrench's ghost (journeyman OpBr)
 10630 | D:8      | Noticed slayr's ghost (novice SpHs)
 10997 | D:8      | Found a sparkling altar of Nemelex Xobeh.
 10998 | D:8      | Found a transporter.
 11858 | D:9      | Reached XP level 11. HP: 54/54 MP: 21/30
 12077 | D:9      | Noticed a two-headed hydra
 12082 | D:9      | Killed a two-headed hydra
 12083 | D:9      | Reached skill level 5 in Hexes
 12362 | D:9      | Noticed a two-headed ogre
 12366 | D:9      | Killed a two-headed ogre
 12422 | D:9      | Found a staircase to the Orcish Mines.
 12553 | D:9      | Identified the ring "Tastraebb" {rElec rPois rF- rN+ rCorr}
 12811 | D:9      | Noticed Prince Ribbit
 12814 | D:9      | Killed Prince Ribbit
 12864 | D:9      | Found a glowing golden altar of the Shining One.
 12878 | D:9      | Found a hide-covered altar of Uskayaw.
 13384 | D:10     | Entered Level 10 of the Dungeon
 13818 | D:10     | Found a shadowy altar of Dithmenos.
 15378 | Lair:1   | Entered Level 1 of the Lair of Beasts
 15393 | Lair:1   | Reached skill level 5 in Translocations
 15451 | Lair:1   | Reached skill level 14 in Spellcasting
 17481 | Lair:2   | Noticed a boulder beetle
 17720 | Lair:2   | Reached XP level 12. HP: 59/59 MP: 19/32
 17945 | Lair:2   | Identified the +1 rapier of Frustration {chaos, rPois rC-
                  | Str+2 Int+9}
 18058 | Lair:2   | Noticed a seven-headed hydra
 18063 | Lair:2   | Killed a seven-headed hydra
 18207 | Lair:2   | Learned a level 7 spell: Orb of Destruction
 18301 | Lair:2   | Killed a boulder beetle
 18791 | Lair:3   | Found a staircase to the Shoals.
 18861 | Lair:3   | Offered knowledge of Momentum Strike by Vehumet.
 19126 | Lair:3   | Found a staircase to the Snake Pit.
 19778 | Lair:4   | Reached *** piety under Vehumet
 19808 | Lair:4   | Noticed a four-headed hydra
 19814 | Lair:4   | Killed a four-headed hydra
 19815 | Lair:4   | Reached skill level 15 in Spellcasting
 19868 | Lair:4   | Noticed a six-headed hydra
 19880 | Lair:4   | Killed a six-headed hydra
 20270 | Lair:4   | Offered knowledge of Olgreb's Toxic Radiance by Vehumet.
 20273 | Lair:4   | Found a frozen archway.
 20285 | IceCv    | Entered an ice cave
 20464 | IceCv    | Reached XP level 13. HP: 63/63 MP: 23/34
 20511 | IceCv    | Learned a level 4 spell: Sticky Flame
 21034 | IceCv    | Reached **** piety under Vehumet
 21181 | IceCv    | Reached skill level 10 in Fire Magic
 21183 | IceCv    | Offered knowledge of Lee's Rapid Deconstruction by Vehumet.
 21391 | IceCv    | Reached skill level 16 in Spellcasting
 21633 | IceCv    | Noticed a frost giant
 21644 | IceCv    | Killed a frost giant
 22926 | Lair:5   | Entered Level 5 of the Lair of Beasts
 23116 | Lair:5   | Reached skill level 10 in Air Magic
 23394 | Lair:5   | Reached ***** piety under Vehumet
 23403 | Lair:5   | Offered knowledge of Flame Wave by Vehumet.
 23522 | Lair:5   | Reached skill level 17 in Spellcasting
 23653 | Lair:5   | Reached XP level 14. HP: 30/68 MP: 19/37
 23833 | Lair:5   | Reached skill level 15 in Conjurations
 24366 | Lair:5   | Found a viscous altar of Jiyva.
 24367 | Lair:5   | Found a staircase to the Slime Pits.
 25368 | Lair:5   | Identified the +6 shortbow of Outrage {flame, rF+ Str-2
                  | Dex+6}
 26059 | D:8      | Killed mitko27butlikefrench's ghost
 26060 | D:8      | Killed slayr's ghost
 26320 | D:4      | Killed Edmund
 26738 | Orc:1    | Entered Level 1 of the Orcish Mines
 26819 | Orc:1    | Found Cipnouco's General Store.
 26844 | Orc:1    | Bought a scroll of identify for 32 gold pieces
 26844 | Orc:1    | Bought a scroll of identify for 32 gold pieces
 26919 | Orc:2    | Entered Level 2 of the Orcish Mines
 26919 | Orc:2    | Found Fagoxeomp's Antique Weapon Emporium.
 27020 | Orc:2    | Reached skill level 18 in Spellcasting
 27224 | Orc:2    | Offered knowledge of Arcjolt by Vehumet.
 27988 | Orc:2    | Found a shimmering blue altar of Sif Muna.
 28329 | Orc:2    | Found a staircase to the Elven Halls.
 28557 | Orc:1    | Found Lezick's Book Emporium.
 28562 | Orc:1    | Found Uruot's General Store.
 28708 | Orc:1    | Found Plog's Assorted Antiques.
 28941 | Orc:1    | Found Utrin's Magic Scroll Shoppe.
 29410 | Orc:2    | Found Vudera's Book Emporium.
 29832 | Orc:2    | Offered knowledge of Starburst by Vehumet.
 30088 | Orc:2    | Reached XP level 15. HP: 72/72 MP: 39/39
 30438 | Orc:2    | Found Dysidibyh's Antique Armour Shoppe.
 30441 | Orc:2    | Found Mupawilu's Distillery.
 30442 | Orc:2    | Found Puscher's General Store.
 30443 | Orc:2    | Found Wastrubi's Antique Armour Emporium.
 30447 | Orc:2    | Bought a potion of heal wounds for 80 gold pieces
 30640 | Orc:2    | Bought a scroll of identify for 36 gold pieces
 30732 | Orc:1    | Bought a scroll of identify for 28 gold pieces
 30741 | Orc:1    | Bought a manual of Fire Magic for 1280 gold pieces
 30765 | Orc:1    | Bought a scroll of identify for 56 gold pieces
 30765 | Orc:1    | Bought a scroll of magic mapping for 210 gold pieces
 30798 | Orc:1    | Bought a scroll of identify for 24 gold pieces
 30798 | Orc:1    | Bought a scroll of identify for 24 gold pieces
 30798 | Orc:1    | Bought a scroll of magic mapping for 90 gold pieces
 30889 | Orc:2    | Bought a runed hat for 294 gold pieces
 30891 | Orc:2    | Bought a runed helmet for 315 gold pieces
 31657 | D:11     | Found Couh's Book Shoppe.
 31839 | D:12     | Noticed Azrael
 31844 | D:12     | Noticed Urug
 32360 | D:11     | Found a portal to a secret trove of treasure.
 32623 | D:12     | Reached skill level 1 in Armour
 32635 | D:12     | Killed Urug
 32818 | D:12     | Killed Azrael
 32853 | D:12     | Noticed Lodul
 33272 | D:12     | Killed Lodul
 33518 | D:12     | Noticed Nessos
 33536 | D:12     | Killed Nessos
 34154 | D:13     | Found a gate to the Vaults.
 34166 | D:13     | Reached skill level 19 in Spellcasting
 35278 | Snake:1  | Entered Level 1 of the Snake Pit
 35491 | Snake:1  | Noticed Rupert
 35494 | Snake:1  | Killed Rupert
 35907 | Snake:1  | Noticed Asterion
 35913 | Snake:1  | Killed Asterion
 37029 | Snake:2  | Reached ****** piety under Vehumet
 37030 | Snake:2  | Reached skill level 15 in Fire Magic
 37036 | Snake:2  | Reached XP level 16. HP: 68/76 MP: 13/41
 37157 | Snake:2  | Reached skill level 5 in Dodging
 37525 | Snake:2  | Found a sparkling altar of Nemelex Xobeh.
 37531 | Snake:2  | Found Taost's Neck Hole.
 37537 | Snake:2  | Bought a scarf of resistance for 576 gold pieces
 37661 | Snake:2  | Offered knowledge of Iron Shot by Vehumet.
 37764 | Snake:2  | Noticed Kirke
 37773 | Snake:2  | Killed Kirke
 38246 | Snake:3  | Identified the +3 leather armour of Philately {Drain rF+++
                  | rCorr Int-2}
 38260 | Snake:3  | Noticed Aizul
 38788 | Snake:3  | Found Gykhlyam's Armour Shop.
 38817 | Snake:3  | Noticed Vashnia
 38943 | Snake:3  | Killed Vashnia
 39967 | Snake:3  | Reached skill level 20 in Spellcasting
 40324 | Snake:3  | Killed Aizul
 40645 | Snake:4  | Entered Level 4 of the Snake Pit
 43530 | Snake:4  | Offered knowledge of Irradiate by Vehumet.
 43572 | Snake:4  | Reached XP level 17. HP: 78/80 MP: 33/43
 44687 | Snake:4  | Got a serpentine rune of Zot
 45013 | Elf:1    | Entered Level 1 of the Elven Halls
 45115 | Elf:1    | Learned a level 8 spell: Ignition
 45780 | Elf:1    | Reached skill level 21 in Spellcasting
 45880 | Elf:1    | Paralysed by an air elemental for 1 turns
 45936 | Elf:1    | Offered knowledge of Arcjolt by Vehumet.
 46318 | Elf:1    | Found Ometylo's Armour Shoppe.
 46318 | Elf:1    | Found Eninih's Antique Weapon Shop.
 46529 | Elf:1    | Found Memukerr's Assorted Antiques.
 46537 | Elf:1    | Bought a scroll of teleportation for 93 gold pieces
 46547 | Elf:1    | Reached skill level 5 in Armour
 46714 | Elf:1    | Got the Atlas of Abstinence
 46925 | Elf:1    | Learned a level 5 spell: Arcjolt
 46935 | Elf:2    | Found Loir's Magic Scroll Emporium.
 46936 | Elf:2    | Found Qiuteg's Jewellery Emporium.
 46936 | Elf:2    | Found Byetelos's Antique Armour Shoppe.
 46941 | Elf:2    | Found Kunoun's Antique Armour Shoppe.
 47288 | Elf:2    | Found Utulid's Weapon Emporium.
 47351 | Elf:2    | Reached XP level 18. HP: 84/86 MP: 44/45
 47527 | Elf:2    | Reached skill level 1 in Fighting
 47528 | Elf:2    | Reached skill level 15 in Air Magic
 47835 | Elf:2    | Found Qiklymmihyi's Elven Fire.
 48097 | Elf:2    | Found a runed translucent gate.
 48097 | Elf:2    | Found a runed translucent gate.
 48097 | Elf:2    | Found a runed translucent gate.
 48504 | Elf:2    | Offered knowledge of Lehudib's Crystal Spear by Vehumet.
 48519 | Elf:2    | Learned a level 8 spell: Lehudib's Crystal Spear
 48589 | Elf:2    | Reached skill level 1 in Earth Magic
 49405 | Elf:3    | Entered Level 3 of the Elven Halls
 49710 | Elf:3    | Identified the amulet of Kosannuri {Spirit rF++ Str-3 Dex+4
                  | Slay+2}
 50018 | Elf:3    | Identified the +7 hand axe of Enfolding Slow Death
                  | {protect, Will+ rCorr Str+4 Dex+3}
 50018 | Elf:3    | Identified the ring of the Cockroach {Dex+4 Slay+4}
 50022 | Elf:3    | Offered knowledge of Shatter by Vehumet.
 50022 | Elf:3    | Offered knowledge of Chain Lightning by Vehumet.
 50022 | Elf:3    | Offered knowledge of Maxwell's Capacitive Coupling by
                  | Vehumet.
 50023 | Elf:3    | Reached skill level 22 in Spellcasting
 50032 | Elf:3    | Identified the +1 scale mail of Gafaw {Rampage Drain rElec
                  | rF+}
 50252 | Elf:3    | Identified the +5 lajatang of Peacu {flame, Dex+2}
 50453 | Elf:3    | Noticed Saint Roka
 50461 | Elf:3    | Killed Saint Roka
 50950 | Elf:3    | Identified the +5 spear of Abuse {speed, rCorr Str+3}
 51395 | Elf:3    | Identified the ring "Peergh" {rN+ Will+ Stlth+}
 52948 | Elf:3    | Reached XP level 19. HP: 95/95 MP: 32/47
 53180 | Elf:3    | Found the +9 heavy crossbow "Sniper" {vorpal, Acc+∞ SInv}
 53209 | Elf:3    | Identified the +8 shortbow of the Holding Gods {drain,
                  | rC+++ rCorr Int-4 Dex+4}
 53324 | Elf:3    | Identified the ring "Neelomoph" {Wiz Int+4 Dex+4}
 53504 | Elf:3    | Found Uretainu's Assorted Antiques.
 54017 | Elf:3    | Noticed Donald
 54021 | Elf:3    | Killed Donald
 54751 | D:14     | Found a runed translucent door.
 56154 | D:14     | Got The Foundations of Wizardry
 56331 | D:15     | Entered Level 15 of the Dungeon
 57245 | D:15     | Reached skill level 5 in Earth Magic
 57293 | D:15     | Found a staircase to the Depths.
 58895 | Shoals:1 | Entered Level 1 of the Shoals
 60879 | Shoals:1 | Found Nig Ufy's Distillery.
 61098 | Shoals:1 | Found a runed translucent gate.
 61099 | Shoals:1 | Found a runed translucent gate.
 61099 | Shoals:1 | Found an opulent altar of Gozag.
 61100 | Shoals:1 | Found a runed translucent gate.
 61102 | Shoals:1 | Noticed Tiucw's ghost (adept BaCj)
 61774 | Shoals:1 | Upgraded the game from 0.30-a0-377-g5cb311bc9f to
                  | 0.30-a0-381-g6ea064c7b4
 62506 | Shoals:2 | Found a radiant altar of Vehumet.
 63233 | Shoals:2 | Learned a level 9 spell: Fire Storm
 63929 | Shoals:3 | Found Qaajoum's Gadget Gallery.
 64193 | Shoals:3 | Identified the +1 pair of boots of Least Resistance {Contam
                  | Harm Regen+ Dex-5}
 64613 | Shoals:4 | Entered Level 4 of the Shoals
 66416 | Shoals:4 | Found the +2 hood of the Assassin {Detection Stab+ Stlth++}
 66421 | Shoals:4 | Reached skill level 10 in Dodging
 66423 | Shoals:4 | Noticed Mara
 67017 | Shoals:4 | Killed Mara
 67149 | Shoals:4 | Reached XP level 20. HP: 103/103 MP: 33/48
 67951 | Shoals:4 | Reached skill level 23 in Spellcasting
 68208 | Shoals:4 | Got a barnacled rune of Zot
 68409 | Shoals:4 | Noticed Polyphemus
 68418 | Shoals:4 | Killed Polyphemus
 69024 | Vaults:1 | Entered Level 1 of the Vaults
 70974 | Vaults:1 | Identified the +0 ring mail "Civ Diwn" {rPois Int+3 Dex-2}
 71619 | Vaults:1 | Reached skill level 5 in Fighting
 73039 | Vaults:2 | Reached XP level 21. HP: 110/110 MP: 40/50
 73086 | Vaults:2 | Learned a level 9 spell: Chain Lightning
 73238 | Vaults:2 | Found a staircase to the Crypt.
 73238 | Vaults:2 | Found a basalt altar of Yredelemnul.
 73239 | Vaults:2 | Found an ancient bone altar of Kikubaaqudgha.
 74261 | Vaults:2 | Found Sitejoin's Weapon Shop.
 74491 | Vaults:2 | Reached skill level 24 in Spellcasting
 75856 | Vaults:3 | Found Suotu's Armour Shoppe.
 76381 | Vaults:3 | Reached skill level 10 in Earth Magic
 77099 | Vaults:4 | Found Somoy's Distillery.
 77103 | Vaults:4 | Noticed Jory
 77106 | Vaults:4 | Killed Jory
 77216 | Vaults:4 | Bought a potion of heal wounds for 110 gold pieces
 77216 | Vaults:4 | Bought a potion of heal wounds for 110 gold pieces
 77403 | Vaults:4 | Noticed Bai Suzhen
 77417 | Vaults:4 | Killed Bai Suzhen
 78204 | Vaults:4 | Reached skill level 1 in Shields
 78714 | Vaults:4 | Reached XP level 22. HP: 87/117 MP: 41/52
 79650 | Vaults:5 | Entered Level 5 of the Vaults
 80215 | Depths:1 | Entered Level 1 of the Depths
 80868 | Depths:1 | Noticed the Enchantress
 80869 | Depths:1 | Killed the Enchantress
 81183 | D:11     | You paid a toll of +2 ice dragon scales to enter a treasure
                  | trove
 81184 | Trove    | Entered a treasure trove
 81192 | Trove    | Identified the +4 double sword of the Middle {flame, rPois
                  | Will+ Str-4 Dex+3}
 81207 | Trove    | Identified the ring of Truth {Fly rC+ Int+3 Slay-5}
 81209 | Trove    | Identified the +0 pair of gloves of Ofetidaenu {rElec MP+9}
 81211 | Trove    | Identified the -2 helmet of Ignis's Felicitations {Str+7
                  | Slay+6}
 82286 | Depths:1 | Identified the ring of Begaraf {rF+ Int+6}
 82395 | Depths:1 | You are sucked into a shaft and drop 1 floor!
 82575 | Depths:2 | Paralysed by a sphinx for 2 turns
 82613 | Depths:2 | Reached skill level 25 in Spellcasting
 82895 | Depths:2 | Reached XP level 23. HP: 116/124 MP: 28/54
 83734 | Depths:2 | Found a gateway to Hell.
 83800 | Depths:2 | Found a one-way gate leading to the halls of Pandemonium.
 83886 | Depths:1 | Found a one-way gate to the infinite horrors of the Abyss.
 84273 | Depths:1 | Found a glowing silver altar of Zin.
 84662 | Depths:2 | Found a one-way gateway to a ziggurat.
 84845 | Depths:2 | Found Aguall's Book Shoppe.
 86050 | Vaults:5 | Noticed a dread lich
 87184 | Depths:2 | Found a runed door.
 87876 | Depths:3 | Found a corrupted altar of Lugonu.
 88238 | Depths:3 | Identified the +7 halberd of the Sage {spect, rElec rPois
                  | Str+4}
 89567 | Depths:3 | Found a hide-covered altar of Uskayaw.
 90063 | Depths:4 | Entered Level 4 of the Depths
 90288 | Depths:4 | Noticed a juggernaut
 91098 | Depths:4 | Reached XP level 24. HP: 99/130 MP: 46/54
 92386 | Depths:4 | Killed a juggernaut
 93420 | Depths:4 | Reached skill level 26 in Spellcasting
 94995 | Depths:4 | Found a gate to the Realm of Zot.
 95515 | Crypt:1  | Entered Level 1 of the Crypt
 95851 | Crypt:1  | Reached skill level 5 in Shields
 97185 | Crypt:1  | Identified the +3 shortbow of the Bedazzled God {vorpal,
                  | rF++ rCorr Dex-4}
 97220 | Crypt:1  | Noticed Xtahua
 97224 | Crypt:1  | Killed Xtahua
 97570 | Crypt:1  | You are sucked into a shaft and drop 1 floor!
 99064 | Crypt:2  | Noticed Nuh Ema's ghost (veteran HuVM)
 99071 | Crypt:2  | Found a runed translucent gate.
 99071 | Crypt:2  | Found a runed translucent gate.
 99071 | Crypt:2  | Found a runed translucent gate.
 99071 | Crypt:2  | Noticed an ancient lich
 99072 | Crypt:2  | Noticed a dread lich
 99073 | Crypt:2  | Found an ancient bone altar of Kikubaaqudgha.
 99605 | Crypt:3  | Entered Level 3 of the Crypt
 99963 | Crypt:3  | Reached XP level 25. HP: 100/136 MP: 55/55
103251 | Crypt:3  | Identified the ring of the Queen {rElec rPois rN+}
103423 | Crypt:3  | Found a basalt altar of Yredelemnul.
103425 | Crypt:3  | Found an ancient bone altar of Kikubaaqudgha.
103503 | Crypt:3  | Identified the ring of the Shining Light {rN+ rCorr}
103680 | Crypt:3  | Found a runed translucent gate.
103681 | Crypt:3  | Found a runed translucent gate.
103681 | Crypt:3  | Found a runed translucent gate.
103681 | Crypt:3  | Noticed Aptu's ghost (adept GrFi)
103681 | Crypt:3  | Noticed Xieh's ghost (adept GrFi)
103942 | Crypt:3  | Found a staircase to the Tomb.
104062 | Crypt:3  | Identified the +1 falchion of Hubris {vamp, *Rage Int+6}
104175 | Crypt:3  | Killed Xieh's ghost
104175 | Crypt:3  | Killed Aptu's ghost
104386 | Tomb:1   | Entered Level 1 of the Tomb of the Ancients
104386 | Tomb:1   | Noticed Boris
104388 | Tomb:1   | Killed Boris
104601 | Tomb:1   | Learned a level 9 spell: Shatter
104646 | Tomb:1   | Reached skill level 15 in Earth Magic
105539 | Tomb:1   | Noticed a royal mummy
105542 | Tomb:1   | Killed a royal mummy
105543 | Tomb:1   | Reached skill level 27 in Spellcasting
105638 | Tomb:1   | Noticed a royal mummy
105641 | Tomb:1   | Killed a royal mummy
106418 | Tomb:1   | Noticed a royal mummy
106422 | Tomb:1   | Killed a royal mummy
106486 | Tomb:1   | Noticed a royal mummy
106489 | Tomb:1   | Killed a royal mummy
107008 | Tomb:1   | Noticed a royal mummy
107013 | Tomb:1   | Killed a royal mummy
107085 | Tomb:1   | Noticed a royal mummy
107095 | Tomb:1   | Killed a royal mummy
107107 | Tomb:1   | Noticed a royal mummy
107111 | Tomb:1   | Killed a royal mummy
107125 | Tomb:1   | Noticed a royal mummy
107126 | Tomb:1   | Killed a royal mummy
107132 | Tomb:1   | Noticed a royal mummy
107139 | Tomb:1   | Killed a royal mummy
107384 | Tomb:1   | Noticed a royal mummy
107387 | Tomb:1   | Killed a royal mummy
107512 | Tomb:1   | Noticed a royal mummy
107516 | Tomb:1   | Killed a royal mummy
107603 | Tomb:1   | Noticed a royal mummy
107609 | Tomb:1   | Killed a royal mummy
107716 | Tomb:1   | Noticed a royal mummy
107727 | Tomb:1   | Killed a royal mummy
107758 | Tomb:1   | Noticed a royal mummy
107874 | Tomb:1   | Killed a royal mummy
108374 | Shoals:1 | Bought a potion of heal wounds for 50 gold pieces
108374 | Shoals:1 | Bought a potion of heal wounds for 50 gold pieces
108374 | Shoals:1 | Bought a potion of magic for 80 gold pieces
108721 | Depths:2 | Bought a book of Air for 484 gold pieces
109000 | Vaults:4 | Bought a potion of haste for 220 gold pieces
109266 | Orc:1    | Bought a metallic grey potion for 25 gold pieces
109371 | Elf:2    | Bought a scroll of blinking for 150 gold pieces
109371 | Elf:2    | Bought a scroll of blinking for 150 gold pieces
109371 | Elf:2    | Bought a scroll of blinking for 150 gold pieces
109371 | Elf:2    | Bought a scroll of magic mapping for 150 gold pieces
109996 | Tomb:1   | Noticed a royal mummy
110003 | Tomb:1   | Killed a royal mummy
110201 | Tomb:1   | Noticed a royal mummy
110203 | Tomb:1   | Noticed a royal mummy
110207 | Tomb:1   | Killed a royal mummy
110400 | Tomb:1   | Killed a royal mummy
110405 | Tomb:1   | Noticed a royal mummy
110409 | Tomb:1   | Killed a royal mummy
110467 | Tomb:1   | Noticed a royal mummy
110473 | Tomb:1   | Killed a royal mummy
110671 | Tomb:1   | Noticed a royal mummy
110674 | Tomb:1   | Killed a royal mummy
111277 | Hell     | Entered the Vestibule of Hell
111278 | Hell     | Noticed Geryon
111281 | Hell     | Noticed Murray
111283 | Hell     | Killed Geryon
111284 | Hell     | HP: 6/136 [reaper/+5 vorpal scythe (36)]
111284 | Hell     | Slain by a reaper

Illustrated notes

Levels and vault maps discovered:
D:1:      matt_arrival_grand_opening, layout_basic,
          hellmonk_ecumenical_altar_defaced_shrine, palyth_stone_intersect
D:2:      layout_rooms, kennysheep_generic_room_6, uniq_jessica, uniq_terence
D:3:      layout_loops_cross, trog_butcher_becter, okawaru_trees_2,
          ashenzari_altar_1
D:4:      layout_basic, uniq_edmund
D:5:      layout_basic, kennysheep_slug_shrine, mainiacjoe_overflow_paths
D:6:      layout_loops_corners, brannock_xom_greatest_gift,
          nicolae_qazlal_eye_of_the_storm,
          chequers_temple_overflow_statue_of_worship, uniq_menkaure
D:7:      cheibrodos_grave_circle, layout_basic, mainiacjoe_overflow_brackets,
          minmay_temple_entry_grid, serial_shops, nicolae_shop_crystal,
          uniq_maggie
D:8:      layout_layer_cave, grunt_nemelex_the_gamble, erik_lair_island,
          gammafunk_ghost_cemetery
D:9:      layout_irregular_city, mainiacjoe_overflow_small_starburst,
          lemuel_doored_altar, orc_0_dummy, dreamdust_wishing_well,
          hangedman_ranch, uniq_prince_ribbit1
D:10:     layout_basic, mainiacjoe_overflow_alcove_1, minmay_statue_bubble
D:11:     layout_basic, nicolae_trove_entry_free_sample, serial_shops,
          nicolae_shop_temple_entry_statues_fountains,
          kennysheep_generic_room_12
D:12:     layout_basic, uniq_azrael, uniq_nessos, uniq_urug, uniq_lodul
D:13:     layout_irregular_city, erik_vaults_2
D:14:     minmay_gate_of_8, layout_basic, abandoned_shop
D:15:     grunt_enter_depths_hoard, layout_stronghold, kennysheep_pointless_box
Temple:   hellmonk_temple_flake
Lair:1:   layout_roguey, serial_bayou_shore_b
Lair:2:   layout_gridlike, chequers_serial_rivers_micro_e
Lair:3:   layout_gridlike, minmay_shoals_entry_lonely_mermaid,
          guppyfry_snake_entry_garden
Lair:4:   layout_hall_layers, portal_ice_cave_entry_ice_simulacra,
          chequers_serial_rivers_micro_a, nicolae_quartered_pool_little,
          disabler_island
Lair:5:   evilmike_catoblepas_cave, layout_hall_layers,
          minmay_slime_entry_jelly_boxes, patterned_corridor
Shoals:1: layout_shoals, ebering_ghost_gozag, nicolae_take_the_stairs
Shoals:2: layout_shoals, nicolae_shoals_lost_giant_amphitheater,
          lemuel_centaur_altar
Shoals:3: layout_shoals, nicolae_shoals_square_sea_wall, nicolae_shop_gadgets
Shoals:4: shoals_end_simple, layout_shoals, uniq_mara, uniq_polyphemus
Snake:1:  layout_grid_shapes, uniq_asterion, uniq_rupert
Snake:2:  layout_gridlike, basic_altar, nicolae_shop_sticking_my_neck_out,
          uniq_kirke
Snake:3:  layout_gridlike, serial_bayou_shore_a, minmay_shop_star, uniq_aizul,
          uniq_vashnia
Snake:4:  grunt_snake_rune_serpentine_throne, layout_onion_interference,
          nicolae_snake_ghostly_warrior_ritual
Orc:1:    layout_caves, serial_shops, shop, nicolae_shop_trees,
          nicolae_shop_advertising_works [nicolae_subvault_shop_adworks],
          nicolae_diamond_shop, shop_coins
Orc:2:    st_orc_pillars, layout_caves, serial_shops, nicolae_shop_statue_plus,
          shop, nicolae_orc_damp_corner, kennysheep_orc_sif_temple
Elf:1:    eino_elf_arrival_customs, layout_geoelf_octagon, serial_shops, shop,
          nicolae_shop_waterfront, shop, minmay_elf_annihilation,
          grunt_ministairs_6, st_stairs_6, grunt_megastairs_1
Elf:2:    nicolae_elf_blades_crystal_corner, layout_geoelf_diagonals,
          serial_shops, nicolae_shop_bloodbath_and_beyond, guppyfry_elf_lava,
          minmay_shoptagon
Elf:3:    grunt_elf_hall_branching, layout_onion_city, serial_shops,
          nicolae_square_shop, uniq_saint_roka, uniq_donald
Vaults:1: hangedman_vaults_cutoff, v_misc_4, nicolae_vaults_three_branches,
          ontoclasm_vaults_ring_small, st_star, ontoclasm_vaults_ring_square,
          v_alt_pattern_1, vaults_room_boxed, nicolae_vaults_big_ls,
          hangedman_vaults_stagger, nicolae_vaults_angled_halls,
          layout_vaults_omnibox
Vaults:2: minmay_crypt_entry_necro_gods, nicolae_vaults_border_crossing,
          vaults_dpeg_diagonal, nicolae_vaults_windows_and_doors_thing,
          vaults_room_grunt_arrival_ludios, ontoclasm_vaults_twist,
          vaults_dpeg_ring, hangedman_vaults_restitches,
          hangedman_vaults_corner_blocks, ontoclasm_vaults_pinch, v_pattern_1,
          ontoclasm_vaults_eye, layout_vaults_big_room, serial_shops, shop
Vaults:3: v_misc_2, nicolae_vaults_little_squares_5, nicolae_vaults_rhombus_6,
          vaults_dpeg_cross, ontoclasm_vaults_shuriken,
          vaults_dpeg_emergency_exit, hangedman_vaults_maws,
          layout_vaults_omnigrid, serial_shops, nicolae_shop_crystal
Vaults:4: grunt_vaults_hallway_long, hangedman_vaults_hat, v_misc_29, v_misc_3,
          ontoclasm_vaults_loading_screen, hangedman_vaults_stretched_pinwheel,
          hangedman_vaults_restitches, v_misc_1, nicolae_vaults_little_ls,
          nicolae_vaults_network_square, ontoclasm_vaults_ligature,
          nicolae_vaults_little_squares_3, layout_vaults_ring, serial_shops,
          shop, uniq_margery, uniq_jory, uniq_bai_suzhen
Vaults:5: serial_shops
Crypt:1:  layout_basic, uniq_xtahua
Crypt:2:  layout_regular_city, gammafunk_ghost_crypt, grunt_ministairs_2
Crypt:3:  lightli_unholy_cathedral, layout_chaotic_city,
          nicolae_tomb_entry_rubble_hallway, gammafunk_ghost_cemetery
Tomb:1:   uniq_boris
Depths:1: layout_cross, grunt_mini_vestibule, hangedman_abyss_entry_splay,
          nicolae_benzene_ring, zin_statuary, uniq_enchantress
Depths:2: evilmike_wizard_prison, layout_gridville, enter_ziggurat_c,
          hellmouth_1, grunt_pan_entry_spiral, serial_shops, shop,
          infiniplex_staircase_split_hallway, grunt_megastairs_5
Depths:3: minmay_three_patterns, layout_cave_pools, nicolae_lava_and_water,
          hell_entry, abyss_entry_flame_altar, grunt_pan_entry_in_and_out,
          nicolae_uskayaw_en_pointe
Depths:4: lemuel_castle_with_subvaults [lemuel_castle_interior_carwin_3],
          layout_gridville, hell_entry, nicolae_titane, onia_ninara_cookie
Hell

Skill      XL: |  1  2  3  4  5  6  7  8  9 10 11 12 13 14 15 16 17 18 19 20 21 22 23 24 25 |
---------------+----------------------------------------------------------------------------+-----
Spellcasting   | 4 5 6 7 9 11 12 13 14 15 17 18 19 20 21 22 23 24 25 26 27 | 27.0
Conjurations   | 5 6 7 8 10 11 12 13 14 16 17 18 19 20 21 22 23 | 23.9
Hexes          | 3 4 6 |  6.0
Fire Magic     | 4 5 7 9 11 12 15 17 18 19 20 21 22 23 24 | 24.4
Air Magic      | 3 5 7 8 10 11 12 13 14 15 16 17 18 19 20 | 20.6
Translocations | 2 4 5 6 |  6.0
Armour         | 2 4 5 6 7 8 9 |  9.8
Dodging        | 4 6 8 9 10 11 12 13 | 13.8
Fighting       | 2 4 5 6 7 8 |  8.2
Earth Magic    | 4 6 8 10 12 13 14 16 | 16.1
Shields        | 1 3 4 5 |  5.5
Stealth        | |  2.4

Action                   |  1- 3 |  4- 6 |  7- 9 | 10-12 | 13-15 | 16-18 | 19-21 | 22-24 | 25-27 || total
-------------------------+-------+-------+-------+-------+-------+-------+-------+-------+-------++-------
Melee: Unarmed           |     3 |       |       |       |       |       |       |       |       ||     3
       Mace              |       |     5 |       |       |       |       |       |       |       ||     5
       Short sword       |       |       |     1 |     1 |       |       |       |       |       ||     2
       Rapier            |       |       |       |     9 |    26 |       |    48 |     8 |       ||    91
       Punch             |       |       |       |       |     1 |       |       |       |       ||     1
 Cast: Magic Dart        |    46 |   108 |    78 |   269 |   401 |   314 |   199 |    16 |    47 ||  1478
       Searing Ray       |     1 |    15 |    33 |       |       |       |       |       |       ||    49
       Iskenderun's Batt |       |       |    16 |    79 |   136 |   120 |   157 |    63 |    36 ||   607
       Fulminant Prism   |       |       |     2 |     7 |    38 |     4 |     3 |       |       ||    54
       Iskenderun's Myst |       |       |    16 |    63 |    97 |   119 |   110 |    41 |     8 ||   454
       Lightning Bolt    |       |       |       |     9 |    20 |    23 |     3 |     1 |       ||    56
       Fireball          |       |       |       |    16 |   144 |   217 |   337 |   170 |    76 ||   960
       Sticky Flame      |       |       |       |       |    18 |     2 |     1 |     1 |       ||    22
       Orb of Destructio |       |       |       |       |     8 |     5 |    12 |     2 |       ||    27
       Ignition          |       |       |       |       |       |    10 |    30 |    13 |       ||    53
       Arcjolt           |       |       |       |       |       |    10 |     4 |       |       ||    14
       Lehudib's Crystal |       |       |       |       |       |       |    26 |    10 |       ||    36
       Fire Storm        |       |       |       |       |       |       |    23 |    70 |    53 ||   146
       Chain Lightning   |       |       |       |       |       |       |    31 |   304 |   100 ||   435
       Shatter           |       |       |       |       |       |       |       |       |     2 ||     2
  Use: Scroll            |     2 |     1 |     3 |     5 |    19 |     4 |     3 |     5 |     1 ||    43
       Potion            |       |       |     2 |       |       |     2 |     1 |     7 |       ||    12
Armor: Robe              |       |     1 |     2 |       |       |       |     6 |       |       ||     9
       Steam dragon scal |       |       |     2 |    12 |     2 |       |       |       |       ||    16
       Leather armour    |       |       |       |       |    15 |    14 |       |       |       ||    29
       Acid dragon scale |       |       |       |       |       |       |       |    22 |     5 ||    27
Dodge: Dodged            |     4 |    17 |    23 |    24 |    51 |    49 |    57 |    48 |     1 ||   274
Block: Other             |       |       |       |       |       |       |    21 |     1 |       ||    22
       Reflection        |       |       |       |       |       |       |    11 |     4 |       ||    15
       Buckler           |       |       |       |       |       |       |       |    24 |     1 ||    25

Table legend: (Time is in decaauts)
 A = Elapsed time spent in this place.
 B = Non-inter-level travel time spent in this place.
 C = Inter-level travel time spent in this place.
 D = Time resting spent in this place.
 E = Time spent auto-exploring this place.
 F = Levels seen in this place.
 G = Mean time per level.
                   A        B        C        D        E       F      G
               +--------+--------+--------+--------+--------+-----+--------+
         Total | 111908 | 101172 |  10736 |  60940 |  14459 |  50 | 2238.2 |
       Dungeon |  27170 |  23017 |   4153 |  11562 |   5375 |  15 | 1811.3 |
        Temple |    313 |    304 |      9 |    220 |     62 |   1 |  313.0 |
          Lair |   9469 |   8634 |    835 |   4680 |   1039 |   5 | 1893.8 |
        Shoals |  10326 |   9966 |    360 |   6807 |   1118 |   4 | 2581.5 |
     Snake Pit |   9591 |   8703 |    888 |   5526 |    665 |   4 | 2397.8 |
  Orcish Mines |   4614 |   3895 |    719 |   2193 |   1038 |   2 | 2307.0 |
   Elven Halls |   9665 |   9026 |    639 |   5778 |   1339 |   3 | 3221.7 |
        Vaults |  12718 |  11133 |   1585 |   6611 |   1213 |   5 | 2543.6 |
         Crypt |   8597 |   8150 |    447 |   5412 |   1523 |   3 | 2865.7 |
          Tomb |   4830 |   4539 |    291 |   3134 |    146 |   1 | 4830.0 |
        Depths |  12911 |  12106 |    805 |   7942 |    924 |   4 | 3227.8 |
          Hell |      6 |      6 |      0 |      0 |      0 |   1 |    6.0 |
         Trove |     68 |     68 |      0 |      0 |      0 |   1 |   68.0 |
      Ice Cave |   1622 |   1622 |      0 |   1074 |     16 |   1 | 1622.0 |
               +--------+--------+--------+--------+--------+-----+--------+

Top non-repeatable levels by time:
  Tomb:1: 4830 daAuts
   Elf:3: 4344 daAuts
Depths:3: 4304 daAuts
Vaults:1: 4185 daAuts
 Snake:4: 3941 daAuts
 Crypt:3: 3835 daAuts
Depths:2: 3677 daAuts
   Orc:2: 3381 daAuts
Depths:4: 3353 daAuts
Vaults:2: 3311 daAuts
Shoals:1: 3270 daAuts
Shoals:4: 3251 daAuts
   Elf:2: 3124 daAuts
Vaults:4: 3061 daAuts
    D:15: 3027 daAuts
